AoeStats
← Jazzmushroom

Black Forest

506925861Analyzed
4v4 RM · 17d ago on Sep 15, 2026· 47m 59s· 8 players
Game mode
Random Map
Map size
Large (8 player)
Population
200
Speed
Normal
Resources
Standard
Victory
Conquest
Starting age
Dark Age
Ending age
Imperial Age
RankedLock teamsTeams togetherTeam positionsShared explorationLock speedFull tech treeHidden civsTurbo modeCheats
Victory
Defeat
🇩🇪 Persians · Germany
1302
+17
🇺🇸 Ethiopians · United States
1302
+17
🇺🇸 Huns · United States
1273
+18
🇲🇽 Cumans · Mexico
1244
+19
🇹🇷 Maya · Türkiye
1399
-20
🇹🇷 Cumans · Türkiye
1342
-19
🇦🇷 Koreans · Argentina
1275
-16
🇬🇧 Persians · United Kingdom
1266
-16
Jazzmushroom
12:13 Feudal Age
13:45 Double-Bit Axe
13:46 Horse Collar
16:21 Castle Age
18:07 Bow Saw
23:16 Wheelbarrow
22:28 Loom
22:29 Town Watch
27:55 Scale Mail Armor
28:06 Forging
29:30 Gold Mining
29:33 Stone Mining
31:35 Hand Cart
35:08 Imperial Age
33:46 Caravan
35:30 Gold Shaft Mining
35:09 Royal Heirs
37:16 Two-Man Saw
36:22 Squires
36:44 Conscription
38:37 Chemistry
37:57 Ballistics
38:10 Chain Mail Armor
38:32 Iron Casting
38:06 Heavy Plow
39:43 Torsion Engines
40:42 Plate Mail Armor
40:31 Elite Shotel Warrior
42:55 Coinage
43:34 Blast Furnace
42:26 Fletching
43:05 Halberdier
43:32 Arson
44:40 Siege Engineers
45:14 Bodkin Arrow
45:22 Padded Archer Armor
45:00 Crossbowman
45:46 Thumb Ring
45:56 Masonry
47:20 Arbalester
LVH| Oskar Von Arnim
0:54 Loom
13:25 Feudal Age
33:32 Double-Bit Axe
39:07 Wheelbarrow
38:37 Horse Collar
42:17 Castle Age
42:00 Gold Mining
42:01 Stone Mining
45:28 Heavy Plow
49:25 Imperial Age
47:28 Masonry
Demshredz
1:40 Loom
11:11 Feudal Age
15:38 Castle Age
13:37 Horse Collar
16:46 Wheelbarrow
16:21 Heavy Plow
16:14 Double-Bit Axe
17:06 Bow Saw
24:28 Stone Mining
24:42 Gold Mining
27:08 Stone Shaft Mining
28:59 Gold Shaft Mining
28:54 Bloodlines
28:55 Husbandry
29:52 Hand Cart
30:18 Caravan
31:50 Scale Barding Armor
32:04 Forging
36:29 Imperial Age
34:55 Chain Barding Armor
35:13 Iron Casting
36:09 Elite War Elephant
37:11 Conscription
37:33 Plate Barding Armor
38:38 Blast Furnace
Muley | Angel Fire
1:38 Loom
11:19 Feudal Age
15:26 Castle Age
13:46 Double-Bit Axe
16:45 Gold Mining
16:43 Horse Collar
23:42 Husbandry
25:30 Fletching
27:27 Wheelbarrow
27:27 Heavy Plow
27:45 Bodkin Arrow
29:13 Bow Saw
29:40 Ballistics
29:52 Bloodlines
30:44 Padded Archer Armor
35:35 Imperial Age
33:37 Thumb Ring
33:48 Leather Archer Armor
34:26 Coinage
35:40 Heavy Cavalry Archer
36:48 Parthian Tactics
37:24 Chemistry
37:28 Bracer
38:35 Two-Man Saw
40:38 Conscription
40:40 Hand Cart
43:00 Caravan
44:32 Stone Mining
45:20 Gold Shaft Mining
45:40 Scale Barding Armor
45:45 Forging
44:57 Light Cavalry
46:59 Hussar
48:03 Chain Barding Armor
48:18 Iron Casting
King Hansonite III
8:41 Loom
12:31 Feudal Age
16:12 Castle Age
17:33 Bloodlines
20:03 Double-Bit Axe
20:13 Horse Collar
21:56 Forging
23:56 Wheelbarrow
24:31 Wheelbarrow
29:06 Fletching
29:20 Elite Skirmisher
31:08 Thumb Ring
31:14 Heavy Plow
31:47 Scale Barding Armor
35:02 Hand Cart
36:35 Iron Casting
36:20 Chain Barding Armor
40:07 Imperial Age
38:13 Crossbowman
39:42 Chain Barding Armor
39:18 Bodkin Arrow
39:24 Padded Archer Armor
39:53 Husbandry
41:01 Conscription
40:47 Kamandaran
41:09 Conscription
40:20 Cavalier
41:40 Gold Mining
43:01 Blast Furnace
43:39 Caravan
44:00 Bow Saw
45:17 Elite War Elephant
47:12 Leather Archer Armor
47:33 Plate Barding Armor
Günyüzü
6:39 Loom
8:58 Feudal Age
9:27 Double-Bit Axe
11:03 Wheelbarrow
10:53 Horse Collar
12:19 Loom
20:38 Castle Age
21:53 Bow Saw
21:43 Heavy Plow
22:23 Gold Mining
22:58 Hand Cart
23:59 Forging
25:15 Gold Shaft Mining
24:39 Town Watch
25:01 Scale Barding Armor
26:13 Stone Mining
30:04 Imperial Age
28:49 Bloodlines
29:18 Chain Barding Armor
29:13 Town Patrol
28:59 Loom
29:52 Steppe Husbandry
31:08 Iron Casting
31:16 Conscription
31:38 Plate Barding Armor
31:33 Ballistics
32:14 Chemistry
30:55 Elite Steppe Lancer
33:22 Blast Furnace
33:54 Caravan
42:13 Cavalier
43:30 Paladin
44:57 Light Cavalry
Weafol
1:51 Loom
10:29 Feudal Age
12:43 Fletching
19:17 Stone Mining
22:28 Wheelbarrow
23:08 Town Watch
31:56 Castle Age
36:17 Double-Bit Axe
38:25 Bow Saw
41:13 Imperial Age
41:22 Stone Shaft Mining
42:19 Ballistics
42:09 Bodkin Arrow
42:40 Arrowslits
43:57 Chemistry
42:53 Murder Holes
43:14 Bracer
43:02 Treadmill Crane
43:30 Eupseong
Kaii
0:28 Loom
11:23 Feudal Age
15:42 Castle Age
15:37 Double-Bit Axe
15:33 Horse Collar
16:39 Town Watch
17:20 Town Watch
18:12 Wheelbarrow
17:54 Bow Saw
23:52 Heavy Plow
25:20 Hand Cart
32:03 Imperial Age
29:45 Forging
29:35 Scale Mail Armor
30:09 Squires
29:54 Arson
29:30 Eagle Warrior
29:53 Pikeman
30:00 Eagle Warrior
30:38 Gold Mining
32:11 Iron Casting
31:51 Chain Mail Armor
33:14 Holcans
32:06 Elite Eagle Warrior
32:07 Halberdier
33:11 Conscription
33:53 Blast Furnace
35:32 Onager
42:03 Plate Mail Armor
Connection lost

Rejoining the realm…

Still unreachable

The connection could not be restored.

Session expired

The server has moved on; the page needs a fresh start.